 Dungeon Crawl Stone Soup version 0.23.0 (webtiles) character file.

Game seed: 11625055054043891489

94 Kisielow the Magician (level 4, -1/24 HPs)
             Began as a Deep Elf Fire Elementalist on Feb 19, 2019.
             Killed from afar by a gnoll (25 damage)
             ... with an exploding inner flame
             ... hexed by the player character
             ... on level 2 of the Dungeon.
             The game lasted 00:04:39 (2408 turns).

Kisielow the Magician (Deep Elf Fire Elementalist)  Turns: 2408, Time: 00:04:40

Health: -1/24      AC:  5    Str:  5    XL:     4   Next: 38%
Magic:  3/12       EV: 13    Int: 21    God:
Gold:   71         SH:  0    Dex: 15    Spells: 6/12 levels left

rFire    . . .     SeeInvis .   (no weapon)
rCold    . . .     Gourm    .   (no shield)
rNeg     . . .     Faith    .   a - +0 robe
rPois    .         Spirit   .   (no helmet)
rElec    .         Reflect  .   j - +1 cloak
rCorr    .         Harm     .   (no gloves)
MR       .....                  l - +0 pair of boots
Stlth    ++........             (no amulet)
HPRegen  0.08/turn              (no ring)
MPRegen  0.13/turn              (no ring)

@: no status effects
A: no striking features
a: no special abilities


You were on level 2 of the Dungeon.
You were not hungry.

You visited 1 branch of the dungeon, and saw 2 of its levels.

You collected 71 gold pieces.

Inventory:

Armour
 a - a +0 robe (worn)
 j - a +1 cloak (worn)
 l - a +0 pair of boots (worn)
 m - a scarf of spirit shield
Scrolls
 b - a scroll of enchant armour {unknown}
 d - a scroll of identify {unknown}
 e - a scroll of remove curse {unknown}
 g - a scroll of noise {unknown}
 i - a scroll of immolation {unknown}
Potions
 f - a potion of magic {unknown}
 h - 2 potions of heal wounds {unknown}
 k - a potion of resistance {unknown}
Comestibles
 c - 4 rations
 n - 3 chunks of flesh


   Skills:
 - Level 2.4 Dodging
 - Level 2.4 Stealth
 * Level 4.9 Spellcasting
 + Level 2.4 Conjurations
 + Level 4.1 Fire Magic


You had 6 spell levels left.
You knew the following spells:

 Your Spells              Type           Power        Failure   Level  Hunger
e - Inner Flame           Hex/Fire       ##......     14%         3    ##.....
q - Flame Tongue          Conj/Fire      ###..        2%          1    None
w - Throw Flame           Conj/Fire      ###...       4%          2    None

Your spell library contained the following spells:

 Spells                   Type           Power        Failure   Level  Hunger
 Conjure Flame            Conj/Fire      ###.....     9%          3    ##.....
 Sticky Flame             Conj/Fire      ###.....     28%         4    ####...
 Fireball                 Conj/Fire      ###.......   61%         5    #####..


Dungeon Overview and Level Annotations

Branches:
Dungeon (2/15)

Altars:


Message History

Aim: a gnoll (moderately wounded, inner flame)
The flame tongue hits the gnoll.
The gnoll is heavily wounded.
Casting: Flame Tongue (safe; 2% risk of failure)
Confirm with . or Enter, or press ? or * to list all spells.
Aiming: Flame Tongue (safe; 2% risk of failure)
Press: ? - help, Shift-Dir - straight line, f/p - gnoll
Aim: a gnoll (heavily wounded, inner flame)
The flame tongue hits the gnoll!
The gnoll is almost dead.
Casting: Flame Tongue (safe; 2% risk of failure)
Confirm with . or Enter, or press ? or * to list all spells.
Aiming: Flame Tongue (safe; 2% risk of failure)
Press: ? - help, Shift-Dir - straight line, f/p - gnoll
Aim: a gnoll (almost dead, inner flame)
The flame tongue hits the gnoll!
The gnoll explodes!
The fiery explosion engulfs you!!
Ouch! That really hurt!
You die...

##.##### #.##.##.#..)≈≈≈≈≈≈ . #.#
#.........≈≈≈≈≈≈≈≈ . ##.##
#.##.##)##.≈≈≈≈≈≈≈ . #...#
#.##.......≈≈...≈≈ .
#...######.###.#.##..≈.≈... .
#.....^..........#####.##.# .
#####...####.#####.#####....).#
.##............##........#.......
..........g....§@.##.###.......##
###...........§#####.# ###.....#
###.#....###.#####.#####....(#
#.#......................###
#.#....#######......######
#.#....# #.#.##.# ####
#.##.#.#######.#.##.#### #)>.
#####......##......#.....(.# #...
.....#......#.####.####.##.# #.#.


You could see a gnoll.

Vanquished Creatures
  2 adders (D:2)
  An ooze (D:2)
  2 worms (D:2)
  3 dart slugs
  A leopard gecko (D:2)
  6 goblins
  10 hobgoblins
  7 jackals
  A quokka (D:2)
  3 ball pythons
  6 bats
  6 frilled lizards
  4 kobolds (D:1)
  5 rats
57 creatures vanquished.

Notes
Turn   | Place    | Note
-------+----------+-------------------------------------------
     0 | D:1      | Kisielow the Deep Elf Fire Elementalist began the quest for
                  | the Orb.
     0 | D:1      | Reached XP level 1. HP: 10/10 MP: 6/6
   106 | D:1      | Reached XP level 2. HP: 4/15 MP: 3/8
   454 | D:1      | Learned a level 2 spell: Throw Flame
   647 | D:1      | Reached XP level 3. HP: 19/19 MP: 2/10
   656 | D:1      | Learned a level 3 spell: Inner Flame
  1899 | D:2      | Reached XP level 4. HP: 24/24 MP: 5/12
  2168 | D:2      | Found a faded altar of an unknown god.
  2408 | D:2      | Killed from afar by a gnoll

Skill      XL: |  1  2  3  4 |
---------------+-------------+-----
Spellcasting   | 4 |  4.9
Conjurations   | 2 |  2.4
Fire Magic     | 4 |  4.1
Dodging        | |  2.4
Stealth        | |  2.4

Action                   |  1- 3 |  4- 6 || total
-------------------------+-------+-------++-------
 Cast: Flame Tongue      |    42 |     9 ||    51
       Throw Flame       |    31 |    16 ||    47
       Inner Flame       |       |     1 ||     1
  Eat: Chunk             |     3 |     2 ||     5
Armor: Robe              |     2 |       ||     2
Dodge: Dodged            |     7 |     1 ||     8
